Arizona Coyotes vs Chicago Black Hawks
Created - Tuesday, November 4, 2025 at 07:21
Goals
|
| Arizona Coyotes |
0 |
0 |
3 |
3 |
| Chicago Black Hawks |
2 |
0 |
2 |
4 |
|
Shots
|
| Arizona Coyotes |
13 |
3 |
11 |
27 |
| Chicago Black Hawks |
17 |
12 |
11 |
40 |
|
1st period
1. Chicago Black Hawks , Oliver Bjorkstrand 18 (Leo Carlsson 53) at 11:02
2. Chicago Black Hawks , Lucas Raymond 30 (Jonas Brodin 8, Trevor Zegras 45) at 12:41
Penalties :
Aliaksei Protas (AZC) for Tripping (Minor) at 17:54
2nd period
No Goal
Penalties :
Radko Gudas (AZC) for High sticking (Double Minor) at 0:12, Jani Hakanpaa (AZC) for Tripping (Minor) at 15:17, Radko Gudas (AZC) for Cross-checking (Minor) at 18:53
3rd period
3. Chicago Black Hawks , Morgan Frost 15 (Zachary Werenski 41, Jonas Brodin 9) at 1:52
4. Arizona Coyotes , Erik Haula 18 (Tyler Seguin 43, Jared Spurgeon 28) at 2:56 (SH)
5. Chicago Black Hawks , Trevor Zegras 24 (Barrett Hayton 42, Morgan Frost 15) at 14:00 (PP)
6. Arizona Coyotes , Charlie Coyle 30 (Tyler Seguin 44) at 17:34
7. Arizona Coyotes , Kiefer Sherwood 13 (Brayden McNabb 18, Ross Colton 12) at 18:39
Penalties :
Ross Colton (AZC) for Holding (Minor) at 2:42, Brent Burns (CHI) for Tripping (Minor) at 5:36, Radko Gudas (AZC) for Hooking (Minor) at 12:56, Leo Carlsson (CHI) for Goalie Interference (Minor) at 14:09
Goalie Stats
Elvis Merzlikins (AZC), 36 saves from 40 shots - (0.900), L, 29-18-6, 60:00 minutes
Filip Gustavsson (CHI), 24 saves from 27 shots - (0.889), W, 20-20-6, 60:00 minutes
Players Stats for Arizona Coyotes
Player Name G A P +/- PIM S H SB GA TA FO MP PP MP PK MP
------------------------------------------------------------------------------------
Aliaksei Protas 0 0 0 0 2 1 2 2 1 0 2/10 17:55 1:49 5:13
Anthony DeAngelo 0 0 0 -2 0 0 0 3 0 0 0/0 13:22 0:00 0:32
Brayden McNabb 0 1 1 3 0 1 2 0 0 0 0/0 22:51 1:52 7:04
Brock McGinn 0 0 0 0 0 1 1 0 0 0 0/0 8:12 0:00 0:00
Charlie Coyle 1 0 1 -1 0 2 1 0 0 0 7/15 13:53 1:54 0:22
Erik Haula 1 0 1 1 0 1 1 0 0 1 4/7 14:27 0:00 5:58
Jani Hakanpaa 0 0 0 -2 2 0 1 1 0 1 0/0 13:48 0:00 1:26
Jared Spurgeon 0 1 1 3 0 1 1 2 0 0 0/0 21:49 1:52 5:49
Johnathan Kovacevic 0 0 0 -1 0 1 4 1 0 1 0/0 26:19 2:06 8:00
Kiefer Sherwood 1 0 1 0 0 5 2 0 2 0 0/0 13:00 0:15 1:01
Mason McTavish 0 0 0 0 0 0 0 1 2 1 8/16 19:25 1:49 6:00
Mats Zuccarello 0 0 0 0 0 2 1 0 0 1 1/1 12:59 1:49 0:00
Ondrej Palat 0 0 0 0 0 1 1 0 0 0 0/0 8:33 0:15 0:00
Radko Gudas 0 0 0 -1 8 0 0 5 0 0 0/0 22:04 2:06 3:07
Ross Colton 0 1 1 0 2 2 2 0 0 0 0/1 11:37 0:00 0:00
Ryan Donato 0 0 0 -1 0 3 2 1 0 0 0/2 15:24 1:54 1:26
Tyler Bertuzzi 0 0 0 0 0 1 0 0 2 0 0/0 11:31 0:15 0:00
Tyler Seguin 0 2 2 0 0 5 0 1 1 0 1/1 19:46 1:54 5:58
Players Stats for Chicago Black Hawks
Player Name G A P +/- PIM S H SB GA TA FO MP PP MP PK MP
------------------------------------------------------------------------------------
Barrett Hayton 0 1 1 1 0 4 2 0 0 0 13/23 20:01 6:33 1:36
Bobby Brink 0 0 0 0 0 0 3 0 0 1 0/0 10:37 0:00 0:00
Brent Burns 0 0 0 -1 2 0 0 1 0 2 0/0 20:33 6:22 0:56
Brett Howden 0 0 0 0 0 1 1 0 0 0 0/0 9:22 0:00 0:41
Christopher Tanev 0 0 0 -1 0 1 1 4 0 0 0/0 21:13 6:22 2:06
Eeli Tolvanen 0 0 0 0 0 1 1 1 0 0 0/0 13:04 1:13 0:00
Jonas Brodin 0 2 2 2 0 2 1 0 0 0 0/0 16:43 0:00 0:38
Justin Faulk 0 0 0 -1 0 1 1 1 0 0 0/0 21:54 6:34 1:52
Leo Carlsson 0 1 1 -1 2 4 2 0 1 1 11/18 18:33 5:13 1:10
Lucas Raymond 1 0 1 1 0 3 2 0 1 0 0/0 13:02 1:13 0:31
Matthew Beniers 0 0 0 -1 0 1 0 1 0 0 3/6 17:37 5:13 1:36
Morgan Frost 1 1 2 0 0 4 1 0 1 0 2/3 15:10 6:33 0:00
Noah Dobson 0 0 0 1 0 2 0 0 1 1 0/0 13:10 0:03 0:00
Oliver Bjorkstrand 1 0 1 -1 0 2 0 0 0 1 1/2 19:21 5:13 2:05
Ryan Suzuki 0 0 0 0 0 1 3 0 0 1 0/0 8:31 0:00 0:00
Shane Wright 0 0 0 0 0 5 1 0 0 1 0/1 11:50 1:13 0:00
Trevor Zegras 1 1 2 1 0 6 3 0 0 0 0/0 18:46 6:33 0:17
Zachary Werenski 0 1 1 0 0 2 1 1 1 0 0/0 26:33 6:37 2:24
3 Stars
1 - Trevor Zegras (CHI)
2 - Jonas Brodin (CHI)
3 - Morgan Frost (CHI)
Power Play
Arizona Coyotes - 0 on 2 Attempt(s) - 0.00%
Chicago Black Hawks - 1 on 7 Attempt(s) - 14.29%
Penalty Kill
Arizona Coyotes - 6 on 7 Attempt(s) - 85.71%
- Score 1 goal in Penalty Kill
Chicago Black Hawks - 2 on 2 Attempt(s) - 100.00%
- Score 0 goal in Penalty Kill
Team Stat
Arizona Coyotes - Hits : 21 - Faceoff Wins : 23 - Blocked Shots : 17 - Penalty Minutes : 14
Chicago Black Hawks - Hits : 23 - Faceoff Wins : 30 - Blocked Shots : 9 - Penalty Minutes : 4
Official
Referees : Ian Walsh and Kevin Pollock
Linesman : James Tobias and Kiel Murchison
Game Notes
No Game Note
Finance
Level 1 -- Attendance: 4546 (75.77%) -- Ticket Income $454,600
Level 2 -- Attendance: 3758 (75.16%) -- Ticket Income $225,480
Level 3 -- Attendance: 2173 (72.43%) -- Ticket Income $76,055
Level 4 -- Attendance: 3450 (69.00%) -- Ticket Income $86,250
Luxury Box -- Attendance: 704 (70.40%) -- Ticket Income $140,800
Game was played at the United Center.
Total Attendance: 14631 (73.16%)
Total Ticket Income: $983,185
Other Income: $344,115
Total Income: $1,327,300
Arizona Coyotes
5 vs 5 Forward
Center Left Wing Right Wing Time % Phy DF OF
1 Charlie Coyle Ryan Donato Tyler Seguin 29 0 3 2
2 Aliaksei Protas Mats Zuccarello Tyler Bertuzzi 29 1 2 2
3 Mason McTavish Kiefer Sherwood Ross Colton 29 1 2 2
4 Erik Haula Brock McGinn Ondrej Palat 13 1 2 2
5 vs 5 Defense
Defense Defense Time % Phy DF OF
1 Radko Gudas Johnathan Kovacevic 43 1 3 1
2 Brayden McNabb Jared Spurgeon 37 1 3 1
3 Anthony DeAngelo Jani Hakanpaa 20 1 3 1
4 Radko Gudas Johnathan Kovacevic 0 1 2 2
PowerPlay Forward
Center Left Wing Right Wing Time % Phy DF OF
1 Charlie Coyle Ryan Donato Tyler Seguin 50 1 1 3
2 Mason McTavish Mats Zuccarello Aliaksei Protas 50 1 1 3
PowerPlay Defense
Defense Defense Time % Phy DF OF
1 Radko Gudas Johnathan Kovacevic 50 1 1 3
2 Brayden McNabb Jared Spurgeon 50 1 1 3
Penalty Kill 4 Players Forward
Center Wing Time % Phy DF OF
1 Erik Haula Tyler Seguin 50 1 3 1
2 Mason McTavish Aliaksei Protas 50 1 3 1
Penalty Kill 4 Players Defense
Defense Defense Time % Phy DF OF
1 Radko Gudas Johnathan Kovacevic 55 1 3 1
2 Brayden McNabb Jared Spurgeon 45 1 3 1
Penalty Kill - 3 Players Forward
Forward Time % Phy DF OF
1 Erik Haula 60 1 3 1
2 Tyler Seguin 40 1 3 1
Penalty Kill - 3 Players Defense
Defense Defense Time % Phy DF OF
1 Radko Gudas Johnathan Kovacevic 50 1 3 1
2 Brayden McNabb Jared Spurgeon 50 1 3 1
4 vs 4 Forward
Center Wing Time % Phy DF OF
1 Charlie Coyle Tyler Seguin 50 1 1 3
2 Ryan Donato Aliaksei Protas 50 1 1 3
4 vs 4 Defense
Defense Defense Time % Phy DF OF
1 Radko Gudas Johnathan Kovacevic 50 1 3 1
2 Brayden McNabb Jared Spurgeon 50 1 3 1
Last Minutes Offensive
Center Left Wing Right Wing Defense Defense
Charlie Coyle Ryan Donato Tyler Seguin Radko Gudas Johnathan Kovacevic
Last Minutes Defensive
Center Left Wing Right Wing Defense Defense
Charlie Coyle Ryan Donato Tyler Seguin Radko Gudas Johnathan Kovacevic
Goaltenders
Starting : Elvis Merzlikins
Backup : Tristan Jarry
Extra Forwards
Normal : Mason McTavish, Tyler Bertuzzi, Erik Haula - PP : Mason McTavish, Tyler Bertuzzi - PK : Erik Haula
Extra Defensemen
Normal : Anthony DeAngelo, Radko Gudas, Brayden McNabb - PP : Anthony DeAngelo - PK : Johnathan Kovacevic, Brayden McNabb
Penalty Shots
Charlie Coyle, Tyler Seguin, Ryan Donato, Aliaksei Protas, Mats Zuccarello
Scratches
Matt Dumba (Healthy)
Chicago Black Hawks
5 vs 5 Forward
Center Left Wing Right Wing Time % Phy DF OF
1 Leo Carlsson Eeli Tolvanen Oliver Bjorkstrand 30 1 2 2
2 Barrett Hayton Lucas Raymond Trevor Zegras 30 1 2 2
3 Matthew Beniers Shane Wright Bobby Brink 25 1 2 2
4 Morgan Frost Brett Howden Ryan Suzuki 15 1 2 2
5 vs 5 Defense
Defense Defense Time % Phy DF OF
1 Zachary Werenski Justin Faulk 30 1 2 2
2 Brent Burns Christopher Tanev 30 1 2 2
3 Noah Dobson Jonas Brodin 25 1 2 2
4 Jonas Brodin Zachary Werenski 15 1 2 2
PowerPlay Forward
Center Left Wing Right Wing Time % Phy DF OF
1 Leo Carlsson Matthew Beniers Oliver Bjorkstrand 50 1 2 2
2 Barrett Hayton Morgan Frost Trevor Zegras 50 1 2 2
PowerPlay Defense
Defense Defense Time % Phy DF OF
1 Zachary Werenski Justin Faulk 50 1 2 2
2 Brent Burns Christopher Tanev 50 1 2 2
Penalty Kill 4 Players Forward
Center Wing Time % Phy DF OF
1 Oliver Bjorkstrand Leo Carlsson 50 1 2 2
2 Barrett Hayton Matthew Beniers 50 1 2 2
Penalty Kill 4 Players Defense
Defense Defense Time % Phy DF OF
1 Zachary Werenski Justin Faulk 50 1 2 2
2 Brent Burns Christopher Tanev 50 1 2 2
Penalty Kill - 3 Players Forward
Forward Time % Phy DF OF
1 Barrett Hayton 50 1 2 2
2 Leo Carlsson 50 1 2 2
Penalty Kill - 3 Players Defense
Defense Defense Time % Phy DF OF
1 Zachary Werenski Justin Faulk 50 1 2 2
2 Brent Burns Christopher Tanev 50 1 2 2
4 vs 4 Forward
Center Wing Time % Phy DF OF
1 Oliver Bjorkstrand Leo Carlsson 50 1 2 2
2 Barrett Hayton Matthew Beniers 50 1 2 2
4 vs 4 Defense
Defense Defense Time % Phy DF OF
1 Zachary Werenski Justin Faulk 50 1 2 2
2 Brent Burns Christopher Tanev 50 1 2 2
Last Minutes Offensive
Center Left Wing Right Wing Defense Defense
Leo Carlsson Eeli Tolvanen Oliver Bjorkstrand Zachary Werenski Justin Faulk
Last Minutes Defensive
Center Left Wing Right Wing Defense Defense
Leo Carlsson Eeli Tolvanen Oliver Bjorkstrand Zachary Werenski Justin Faulk
Goaltenders
Starting : Filip Gustavsson
Backup : Adin Hill
Extra Forwards
Normal : Shane Wright, Morgan Frost, Brett Howden - PP : Shane Wright, Morgan Frost - PK : Brett Howden
Extra Defensemen
Normal : Noah Dobson, Zachary Werenski, Jonas Brodin - PP : Noah Dobson - PK : Zachary Werenski, Jonas Brodin
Penalty Shots
Morgan Frost, Leo Carlsson, Barrett Hayton, Matthew Beniers, Oliver Bjorkstrand
Scratches
David Jiricek (Healthy), Ryan Lindgren (Healthy), Simon Nemec (Healthy), Antonio Stranges (Healthy), Noah Cates (Healthy)
% Time on Ice - Arizona Coyotes
Lines # - Real PCT - Wanted PCT - Time Play
Normal Forward
1 - 26% - 29% - 10:59
2 - 27% - 29% - 11:19
3 - 27% - 29% - 11:33
4 - 20% - 13% - 8:12
Normal Defense
1 - 38% - 43% - 16:09
2 - 33% - 37% - 13:55
3 - 28% - 20% - 11:59
4 - 0% - 0% - 0:00
PP Forward
1 - 49% - 50% - 1:57
2 - 51% - 50% - 2:01
PP Defense
1 - 53% - 50% - 2:06
2 - 47% - 50% - 1:52
PK Forward
1 - 51% - 50% - 6:37
2 - 49% - 50% - 6:22
PK Defense
1 - 69% - 55% - 8:55
2 - 31% - 45% - 4:04
PK3 Forward
1 - 0% - 60%
2 - 0% - 40%
PK3 Defense
1 - 0% - 50%
2 - 0% - 50%
44 Forward
1 - 0% - 50%
2 - 0% - 50%
44 Defense
1 - 0% - 50%
2 - 0% - 50%
Last Minute Offensive - 1:00
Last Minute Defensive - 0:00
Total
Forward - 60:00
Defense - 60:00
|
% Time on Ice - Chicago Black Hawks
Lines # - Real PCT - Wanted PCT - Time Play
Normal Forward
1 - 26% - 30% - 11:02
2 - 28% - 30% - 11:52
3 - 25% - 25% - 10:37
4 - 20% - 15% - 8:31
Normal Defense
1 - 30% - 30% - 12:41
2 - 32% - 30% - 13:16
3 - 29% - 25% - 12:22
4 - 9% - 15% - 3:43
PP Forward
1 - 50% - 50% - 6:26
2 - 50% - 50% - 6:33
PP Defense
1 - 51% - 50% - 6:37
2 - 49% - 50% - 6:22
PK Forward
1 - 60% - 50% - 2:22
2 - 40% - 50% - 1:36
PK Defense
1 - 47% - 50% - 1:52
2 - 53% - 50% - 2:06
PK3 Forward
1 - 0% - 50%
2 - 0% - 50%
PK3 Defense
1 - 0% - 50%
2 - 0% - 50%
44 Forward
1 - 0% - 50%
2 - 0% - 50%
44 Defense
1 - 0% - 50%
2 - 0% - 50%
Last Minute Offensive - 0:00
Last Minute Defensive - 1:01
Total
Forward - 60:00
Defense - 60:00
|
Play-by-Play
1st period
0:01 of 1st period - Charlie Coyle wins face-off versus Leo Carlsson in neutral zone.
1:07 of 1st period - Snap shot by Erik Haula.
1:07 of 1st period - Shot Misses the Net.
1:33 of 1st period - Wrist shot by Ryan Donato.
1:33 of 1st period - Stopped by Filip Gustavsson without a rebound.
1:34 of 1st period - Leo Carlsson wins face-off versus Charlie Coyle in Chicago Black Hawks zone.
1:34 of 1st period - Leo Carlsson is hit by Jani Hakanpaa.
3:26 of 1st period - Jared Spurgeon is hit by Bobby Brink and loses puck.
3:58 of 1st period - Justin Faulk is hit by Ondrej Palat and loses puck.
4:19 of 1st period - Brayden McNabb is hit by Ryan Suzuki and loses puck.
4:24 of 1st period - Snap shot by Morgan Frost.
4:24 of 1st period - Shot Misses the Net.
4:26 of 1st period - Slapshot by Christopher Tanev.
4:26 of 1st period - Shot Blocked by Jared Spurgeon.
4:44 of 1st period - Snap shot by Tyler Seguin.
4:44 of 1st period - Stopped by Filip Gustavsson with a rebound.
4:46 of 1st period - Wrist shot by Tyler Seguin.
4:46 of 1st period - Stopped by Filip Gustavsson with a rebound.
5:07 of 1st period - Snap shot by Mats Zuccarello.
5:07 of 1st period - Shot Misses the Net.
5:09 of 1st period - Snap shot by Mats Zuccarello.
5:09 of 1st period - Stopped by Filip Gustavsson with a rebound.
5:11 of 1st period - Slapshot by Brayden McNabb.
5:11 of 1st period - Stopped by Filip Gustavsson without a rebound.
5:12 of 1st period - Charlie Coyle wins face-off versus Leo Carlsson in Chicago Black Hawks zone.
6:03 of 1st period - Slapshot by Kiefer Sherwood.
6:03 of 1st period - Stopped by Filip Gustavsson without a rebound.
6:04 of 1st period - Barrett Hayton wins face-off versus Aliaksei Protas in Chicago Black Hawks zone.
6:48 of 1st period - Slapshot by Morgan Frost.
6:48 of 1st period - Shot Blocked by Anthony DeAngelo.
7:16 of 1st period - Snap shot by Ross Colton.
7:16 of 1st period - Shot Blocked by Christopher Tanev.
7:18 of 1st period - Backhand shot by Jani Hakanpaa.
7:18 of 1st period - Shot Blocked by Christopher Tanev.
7:20 of 1st period - Slapshot by Jani Hakanpaa.
7:20 of 1st period - Shot Blocked by Matthew Beniers.
7:46 of 1st period - Snap shot by Ross Colton.
7:46 of 1st period - Shot Misses the Net.
7:48 of 1st period - Wrist shot by Kiefer Sherwood.
7:48 of 1st period - Stopped by Filip Gustavsson with a rebound.
7:54 of 1st period - Snap shot by Kiefer Sherwood.
7:54 of 1st period - Stopped by Filip Gustavsson without a rebound.
7:55 of 1st period - Aliaksei Protas wins face-off versus Barrett Hayton in Chicago Black Hawks zone.
8:10 of 1st period - Icing by Jonas Brodin.
8:11 of 1st period - Barrett Hayton wins face-off versus Charlie Coyle in Chicago Black Hawks zone.
8:20 of 1st period - Slapshot by Charlie Coyle.
8:20 of 1st period - Stopped by Filip Gustavsson with a rebound.
8:22 of 1st period - Snap shot by Ryan Donato.
8:22 of 1st period - Stopped by Filip Gustavsson with a rebound.
8:24 of 1st period - Wrist shot by Johnathan Kovacevic.
8:24 of 1st period - Stopped by Filip Gustavsson with a rebound.
8:43 of 1st period - Wrist shot by Mats Zuccarello.
8:43 of 1st period - Stopped by Filip Gustavsson without a rebound.
8:44 of 1st period - Leo Carlsson wins face-off versus Charlie Coyle in Chicago Black Hawks zone.
9:12 of 1st period - Off-side.
9:13 of 1st period - Erik Haula wins face-off versus Barrett Hayton in neutral zone.
9:16 of 1st period - Justin Faulk is hit by Brock McGinn and loses puck.
9:23 of 1st period - Slapshot by Trevor Zegras.
9:23 of 1st period - Stopped by Elvis Merzlikins without a rebound.
9:24 of 1st period - Leo Carlsson wins face-off versus Aliaksei Protas in Arizona Coyotes zone.
9:49 of 1st period - Radko Gudas is hit by Trevor Zegras and loses puck.
10:21 of 1st period - Brayden McNabb is hit by Bobby Brink and loses puck.
10:42 of 1st period - Slapshot by Mats Zuccarello.
10:42 of 1st period - Shot Misses the Net.
10:44 of 1st period - Slapshot by Jani Hakanpaa.
10:44 of 1st period - Shot Blocked by Christopher Tanev.
11:02 of 1st period - Wrist shot by Oliver Bjorkstrand.
11:02 of 1st period - Goal by Oliver Bjorkstrand - Arizona Coyotes : 0 - Chicago Black Hawks : 1.
11:03 of 1st period - Barrett Hayton wins face-off versus Charlie Coyle in neutral zone.
11:54 of 1st period - Jonas Brodin is hit by Kiefer Sherwood and loses puck.
12:33 of 1st period - Wrist shot by Lucas Raymond.
12:33 of 1st period - Deflect By Trevor Zegras.
12:33 of 1st period - Shot Misses the Net.
12:33 of 1st period - Puck is out of play.
12:34 of 1st period - Barrett Hayton wins face-off versus Ryan Donato in Arizona Coyotes zone.
12:37 of 1st period - Snap shot by Trevor Zegras.
12:37 of 1st period - Stopped by Elvis Merzlikins with a rebound.
12:39 of 1st period - Slapshot by Jonas Brodin.
12:39 of 1st period - Shot Misses the Net.
12:41 of 1st period - Slapshot by Lucas Raymond.
12:41 of 1st period - Goal by Lucas Raymond - Arizona Coyotes : 0 - Chicago Black Hawks : 2.
12:42 of 1st period - Leo Carlsson wins face-off versus Aliaksei Protas in neutral zone.
13:07 of 1st period - Radko Gudas is hit by Jonas Brodin and loses puck.
13:50 of 1st period - Wrist shot by Shane Wright.
13:50 of 1st period - Stopped by Elvis Merzlikins with a rebound.
13:56 of 1st period - Slapshot by Matthew Beniers.
13:56 of 1st period - Deflect By Shane Wright.
13:56 of 1st period - Stopped by Elvis Merzlikins without a rebound.
13:57 of 1st period - Leo Carlsson wins face-off versus Aliaksei Protas in Arizona Coyotes zone.
14:02 of 1st period - Slapshot by Oliver Bjorkstrand.
14:02 of 1st period - Stopped by Elvis Merzlikins with a rebound.
14:04 of 1st period - Slapshot by Justin Faulk.
14:04 of 1st period - Stopped by Elvis Merzlikins without a rebound.
14:05 of 1st period - Aliaksei Protas wins face-off versus Leo Carlsson in Arizona Coyotes zone.
14:20 of 1st period - Wrist shot by Leo Carlsson.
14:20 of 1st period - Stopped by Elvis Merzlikins without a rebound.
14:21 of 1st period - Barrett Hayton wins face-off versus Charlie Coyle in Arizona Coyotes zone.
14:24 of 1st period - Wrist shot by Lucas Raymond.
14:24 of 1st period - Shot Blocked by Radko Gudas.
14:26 of 1st period - Snap shot by Lucas Raymond.
14:26 of 1st period - Shot Misses the Net.
14:28 of 1st period - Snap shot by Lucas Raymond.
14:28 of 1st period - Shot Misses the Net.
14:30 of 1st period - Wrist shot by Lucas Raymond.
14:30 of 1st period - Deflect By Tyler Seguin.
14:30 of 1st period - Shot Misses the Net.
14:30 of 1st period - Puck is out of play.
14:31 of 1st period - Charlie Coyle wins face-off versus Barrett Hayton in Arizona Coyotes zone.
14:36 of 1st period - Wrist shot by Ryan Donato.
14:36 of 1st period - Shot Misses the Net.
14:44 of 1st period - Johnathan Kovacevic is hit by Trevor Zegras and loses puck.
14:55 of 1st period - Snap shot by Trevor Zegras.
14:55 of 1st period - Stopped by Elvis Merzlikins with a rebound.
14:57 of 1st period - Snap shot by Trevor Zegras.
14:57 of 1st period - Shot Misses the Net.
14:59 of 1st period - Slapshot by Noah Dobson.
14:59 of 1st period - Stopped by Elvis Merzlikins with a rebound.
15:01 of 1st period - Snap shot by Lucas Raymond.
15:01 of 1st period - Shot Blocked by Johnathan Kovacevic.
15:09 of 1st period - Snap shot by Lucas Raymond.
15:09 of 1st period - Shot Misses the Net.
15:11 of 1st period - Wrist shot by Barrett Hayton.
15:11 of 1st period - Stopped by Elvis Merzlikins with a rebound.
15:13 of 1st period - Snap shot by Jonas Brodin.
15:13 of 1st period - Shot Misses the Net.
15:15 of 1st period - Wrist shot by Barrett Hayton.
15:15 of 1st period - Stopped by Elvis Merzlikins with a rebound.
15:19 of 1st period - Wrist shot by Trevor Zegras.
15:19 of 1st period - Deflect By Barrett Hayton.
15:19 of 1st period - Stopped by Elvis Merzlikins with a rebound.
15:21 of 1st period - Slapshot by Jonas Brodin.
15:21 of 1st period - Stopped by Elvis Merzlikins with a rebound.
15:23 of 1st period - Snap shot by Barrett Hayton.
15:23 of 1st period - Stopped by Elvis Merzlikins with a rebound.
15:25 of 1st period - Snap shot by Noah Dobson.
15:25 of 1st period - Stopped by Elvis Merzlikins without a rebound.
15:26 of 1st period - Leo Carlsson wins face-off versus Ross Colton in Arizona Coyotes zone.
16:52 of 1st period - Wrist shot by Ondrej Palat.
16:52 of 1st period - Shot Blocked by Christopher Tanev.
16:54 of 1st period - Slapshot by Radko Gudas.
16:54 of 1st period - Shot Misses the Net.
16:56 of 1st period - Slapshot by Johnathan Kovacevic.
16:56 of 1st period - Shot Blocked by Brent Burns.
16:58 of 1st period - Wrist shot by Brock McGinn.
16:58 of 1st period - Stopped by Filip Gustavsson without a rebound.
16:59 of 1st period - Erik Haula wins face-off versus Morgan Frost in Chicago Black Hawks zone.
17:00 of 1st period - Backhand shot by Ondrej Palat.
17:00 of 1st period - Shot Misses the Net.
17:08 of 1st period - Johnathan Kovacevic is hit by Ryan Suzuki and loses puck.
17:54 of 1st period - Minor Penalty to Aliaksei Protas for Tripping.
17:55 of 1st period - Leo Carlsson wins face-off versus Erik Haula in Arizona Coyotes zone.
17:55 of 1st period - Snap shot by Oliver Bjorkstrand.
17:55 of 1st period - Shot Blocked by Radko Gudas.
18:21 of 1st period - Johnathan Kovacevic is hit by Trevor Zegras and loses puck.
19:54 of 1st period - Penalty to Aliaksei Protas is over, Aliaksei Protas is back on ice.
Goals for this period are 0 for Arizona Coyotes vs 2 for Chicago Black Hawks.
Shots for this period are 13 for Arizona Coyotes vs 17 for Chicago Black Hawks.
2nd period
0:01 of 2nd period - Mason McTavish wins face-off versus Barrett Hayton in neutral zone.
0:12 of 2nd period - Double Minor Penalty to Radko Gudas for High sticking.
0:13 of 2nd period - Barrett Hayton wins face-off versus Erik Haula in Arizona Coyotes zone.
0:20 of 2nd period - Snap shot by Trevor Zegras.
0:20 of 2nd period - Deflect By Johnathan Kovacevic.
0:20 of 2nd period - Shot Blocked by Tyler Seguin.
0:20 of 2nd period - Puck is out of play.
0:21 of 2nd period - Erik Haula wins face-off versus Barrett Hayton in Arizona Coyotes zone.
1:06 of 2nd period - Brent Burns is hit by Johnathan Kovacevic and loses puck.
1:41 of 2nd period - Mason McTavish is hit by Leo Carlsson and loses puck.
2:22 of 2nd period - Wrist shot by Shane Wright.
2:22 of 2nd period - Stopped by Elvis Merzlikins with a rebound.
2:24 of 2nd period - Slapshot by Brent Burns.
2:24 of 2nd period - Deflect By Eeli Tolvanen.
2:24 of 2nd period - Stopped by Elvis Merzlikins without a rebound.
2:25 of 2nd period - Mason McTavish wins face-off versus Shane Wright in Arizona Coyotes zone.
2:34 of 2nd period - Christopher Tanev is hit by Johnathan Kovacevic and loses puck.
3:03 of 2nd period - Aliaksei Protas is hit by Lucas Raymond and loses puck.
3:33 of 2nd period - Erik Haula is hit by Barrett Hayton and loses puck.
3:48 of 2nd period - Johnathan Kovacevic is hit by Barrett Hayton.
4:07 of 2nd period - Matthew Beniers is hit by Ryan Donato and loses puck.
4:12 of 2nd period - Penalty to Radko Gudas is over, Radko Gudas is back on ice.
4:24 of 2nd period - Radko Gudas is hit by Ryan Suzuki and loses puck.
4:47 of 2nd period - Erik Haula is hit by Leo Carlsson and loses puck.
6:23 of 2nd period - Eeli Tolvanen is hit by Mats Zuccarello and loses puck.
6:57 of 2nd period - Icing by Brock McGinn.
6:58 of 2nd period - Morgan Frost wins face-off versus Charlie Coyle in Arizona Coyotes zone.
7:01 of 2nd period - Wrist shot by Brett Howden.
7:01 of 2nd period - Stopped by Elvis Merzlikins with a rebound.
7:03 of 2nd period - Slapshot by Noah Dobson.
7:03 of 2nd period - Shot Misses the Net.
7:05 of 2nd period - Wrist shot by Brett Howden.
7:05 of 2nd period - Shot Misses the Net.
7:07 of 2nd period - Wrist shot by Morgan Frost.
7:07 of 2nd period - Stopped by Elvis Merzlikins with a rebound.
7:23 of 2nd period - Trevor Zegras is hit by Ross Colton and loses puck.
7:32 of 2nd period - Snap shot by Mason McTavish.
7:32 of 2nd period - Deflect By Ross Colton.
7:32 of 2nd period - Deflect By Noah Dobson.
7:32 of 2nd period - Stopped by Filip Gustavsson without a rebound.
7:33 of 2nd period - Leo Carlsson wins face-off versus Aliaksei Protas in Chicago Black Hawks zone.
7:40 of 2nd period - Snap shot by Leo Carlsson.
7:40 of 2nd period - Stopped by Elvis Merzlikins with a rebound.
8:27 of 2nd period - Ross Colton is hit by Shane Wright and loses puck.
8:46 of 2nd period - Wrist shot by Morgan Frost.
8:46 of 2nd period - Shot Blocked by Jani Hakanpaa.
8:48 of 2nd period - Slapshot by Jonas Brodin.
8:48 of 2nd period - Deflect By Ryan Suzuki.
8:48 of 2nd period - Stopped by Elvis Merzlikins with a rebound.
8:50 of 2nd period - Backhand shot by Morgan Frost.
8:50 of 2nd period - Shot Blocked by Anthony DeAngelo.
8:52 of 2nd period - Snap shot by Morgan Frost.
8:52 of 2nd period - Stopped by Elvis Merzlikins with a rebound.
9:24 of 2nd period - Wrist shot by Shane Wright.
9:24 of 2nd period - Stopped by Elvis Merzlikins with a rebound.
9:26 of 2nd period - Snap shot by Matthew Beniers.
9:26 of 2nd period - Shot Misses the Net.
9:28 of 2nd period - Wrist shot by Jonas Brodin.
9:28 of 2nd period - Shot Blocked by Anthony DeAngelo.
9:30 of 2nd period - Slapshot by Jonas Brodin.
9:30 of 2nd period - Stopped by Elvis Merzlikins with a rebound.
9:32 of 2nd period - Snap shot by Shane Wright.
9:32 of 2nd period - Stopped by Elvis Merzlikins without a rebound.
9:33 of 2nd period - Mats Zuccarello wins face-off versus Leo Carlsson in Arizona Coyotes zone.
9:40 of 2nd period - Snap shot by Oliver Bjorkstrand.
9:40 of 2nd period - Shot Misses the Net.
10:22 of 2nd period - Shane Wright is hit by Ryan Donato and loses puck.
10:27 of 2nd period - Wrist shot by Ryan Donato.
10:27 of 2nd period - Stopped by Filip Gustavsson without a rebound.
10:28 of 2nd period - Leo Carlsson wins face-off versus Aliaksei Protas in Chicago Black Hawks zone.
10:55 of 2nd period - Snap shot by Matthew Beniers.
10:55 of 2nd period - Deflect By Bobby Brink.
10:55 of 2nd period - Shot Misses the Net.
10:55 of 2nd period - Puck is out of play.
10:56 of 2nd period - Matthew Beniers wins face-off versus Charlie Coyle in Arizona Coyotes zone.
10:57 of 2nd period - Slapshot by Shane Wright.
10:57 of 2nd period - Shot Misses the Net.
11:21 of 2nd period - Noah Dobson is hit by Ross Colton and loses puck.
11:50 of 2nd period - Backhand shot by Aliaksei Protas.
11:50 of 2nd period - Shot Misses the Net.
12:04 of 2nd period - Snap shot by Morgan Frost.
12:04 of 2nd period - Shot Blocked by Radko Gudas.
12:12 of 2nd period - Slapshot by Morgan Frost.
12:12 of 2nd period - Shot Misses the Net.
14:12 of 2nd period - Radko Gudas is hit by Bobby Brink and loses puck.
14:29 of 2nd period - Snap shot by Christopher Tanev.
14:29 of 2nd period - Shot Blocked by Aliaksei Protas.
14:39 of 2nd period - Ryan Suzuki is hit by Aliaksei Protas and loses puck.
14:50 of 2nd period - Ryan Donato is hit by Lucas Raymond and loses puck.
15:06 of 2nd period - Icing by Trevor Zegras.
15:07 of 2nd period - Leo Carlsson wins face-off versus Mason McTavish in Chicago Black Hawks zone.
15:17 of 2nd period - Minor Penalty to Jani Hakanpaa for Tripping.
15:18 of 2nd period - Barrett Hayton wins face-off versus Mason McTavish in Arizona Coyotes zone.
15:18 of 2nd period - Wrist shot by Trevor Zegras.
15:18 of 2nd period - Stopped by Elvis Merzlikins without a rebound.
15:19 of 2nd period - Barrett Hayton wins face-off versus Mason McTavish in Arizona Coyotes zone.
15:20 of 2nd period - Backhand shot by Trevor Zegras.
15:20 of 2nd period - Stopped by Elvis Merzlikins without a rebound.
15:21 of 2nd period - Mason McTavish wins face-off versus Barrett Hayton in Arizona Coyotes zone.
15:36 of 2nd period - Snap shot by Barrett Hayton.
15:36 of 2nd period - Shot Blocked by Mason McTavish.
16:20 of 2nd period - Oliver Bjorkstrand is hit by Johnathan Kovacevic.
16:33 of 2nd period - Icing by Leo Carlsson.
16:34 of 2nd period - Mason McTavish wins face-off versus Barrett Hayton in Chicago Black Hawks zone.
16:41 of 2nd period - Christopher Tanev is hit by Aliaksei Protas and loses puck.
17:08 of 2nd period - Justin Faulk is hit by Erik Haula and loses puck.
17:17 of 2nd period - Penalty to Jani Hakanpaa is over, Jani Hakanpaa is back on ice.
17:42 of 2nd period - Snap shot by Aliaksei Protas.
17:42 of 2nd period - Shot Misses the Net.
17:46 of 2nd period - Snap shot by Aliaksei Protas.
17:46 of 2nd period - Stopped by Filip Gustavsson with a rebound.
18:13 of 2nd period - Slapshot by Erik Haula.
18:13 of 2nd period - Shot Misses the Net.
18:22 of 2nd period - Icing by Erik Haula.
18:23 of 2nd period - Erik Haula wins face-off versus Barrett Hayton in Arizona Coyotes zone.
18:36 of 2nd period - Snap shot by Mats Zuccarello.
18:36 of 2nd period - Shot Misses the Net.
18:53 of 2nd period - Minor Penalty to Radko Gudas for Cross-checking.
18:54 of 2nd period - Mason McTavish wins face-off versus Barrett Hayton in Arizona Coyotes zone.
19:45 of 2nd period - Jared Spurgeon is hit by Morgan Frost and loses puck.
Goals for this period are 0 for Arizona Coyotes vs 0 for Chicago Black Hawks.
Shots for this period are 3 for Arizona Coyotes vs 12 for Chicago Black Hawks.
3rd period
0:01 of 3rd period - Mason McTavish wins face-off versus Barrett Hayton in neutral zone.
0:34 of 3rd period - Snap shot by Christopher Tanev.
0:34 of 3rd period - Stopped by Elvis Merzlikins with a rebound.
0:53 of 3rd period - Penalty to Radko Gudas is over, Radko Gudas is back on ice.
1:12 of 3rd period - Snap shot by Kiefer Sherwood.
1:12 of 3rd period - Shot Misses the Net.
1:52 of 3rd period - Wrist shot by Morgan Frost.
1:52 of 3rd period - Goal by Morgan Frost - Arizona Coyotes : 0 - Chicago Black Hawks : 3.
1:53 of 3rd period - Mason McTavish wins face-off versus Leo Carlsson in neutral zone.
1:56 of 3rd period - Slapshot by Jared Spurgeon.
1:56 of 3rd period - Shot Hit the Post.
1:58 of 3rd period - Slapshot by Kiefer Sherwood.
1:58 of 3rd period - Shot Misses the Net.
2:00 of 3rd period - Slapshot by Brayden McNabb.
2:00 of 3rd period - Shot Misses the Net.
2:04 of 3rd period - Slapshot by Kiefer Sherwood.
2:04 of 3rd period - Stopped by Filip Gustavsson without a rebound.
2:05 of 3rd period - Barrett Hayton wins face-off versus Aliaksei Protas in Chicago Black Hawks zone.
2:32 of 3rd period - Zachary Werenski is hit by Kiefer Sherwood and loses puck.
2:42 of 3rd period - Minor Penalty to Ross Colton for Holding.
2:43 of 3rd period - Leo Carlsson wins face-off versus Mason McTavish in Arizona Coyotes zone.
2:44 of 3rd period - Wrist shot by Oliver Bjorkstrand.
2:44 of 3rd period - Shot Blocked by Jared Spurgeon.
2:54 of 3rd period - Snap shot by Tyler Seguin.
2:54 of 3rd period - Stopped by Filip Gustavsson with a rebound.
2:56 of 3rd period - Snap shot by Tyler Seguin.
2:56 of 3rd period - Deflect By Erik Haula.
2:56 of 3rd period - Goal by Erik Haula - Arizona Coyotes : 1 - Chicago Black Hawks : 3.
2:57 of 3rd period - Barrett Hayton wins face-off versus Mason McTavish in neutral zone.
4:42 of 3rd period - Penalty to Ross Colton is over, Ross Colton is back on ice.
4:49 of 3rd period - Off-side.
4:50 of 3rd period - Matthew Beniers wins face-off versus Ryan Donato in neutral zone.
5:13 of 3rd period - Wrist shot by Ross Colton.
5:13 of 3rd period - Shot Misses the Net.
5:36 of 3rd period - Minor Penalty to Brent Burns for Tripping.
5:37 of 3rd period - Tyler Seguin wins face-off versus Oliver Bjorkstrand in Chicago Black Hawks zone.
5:39 of 3rd period - Wrist shot by Ryan Donato.
5:39 of 3rd period - Shot Misses the Net.
6:01 of 3rd period - Zachary Werenski is hit by Charlie Coyle and loses puck.
6:20 of 3rd period - Snap shot by Tyler Seguin.
6:20 of 3rd period - Stopped by Filip Gustavsson with a rebound.
7:36 of 3rd period - Penalty to Brent Burns is over, Brent Burns is back on ice.
8:25 of 3rd period - Slapshot by Morgan Frost.
8:25 of 3rd period - Stopped by Elvis Merzlikins with a rebound.
8:51 of 3rd period - Charlie Coyle is hit by Eeli Tolvanen and loses puck.
9:10 of 3rd period - Kiefer Sherwood is hit by Brett Howden and loses puck.
9:25 of 3rd period - Shane Wright is hit by Brayden McNabb and loses puck.
9:42 of 3rd period - Snap shot by Trevor Zegras.
9:42 of 3rd period - Deflect By Barrett Hayton.
9:42 of 3rd period - Deflect By Ryan Donato.
9:42 of 3rd period - Shot Blocked by Radko Gudas.
9:42 of 3rd period - Puck is out of play.
9:43 of 3rd period - Barrett Hayton wins face-off versus Charlie Coyle in Arizona Coyotes zone.
10:04 of 3rd period - Slapshot by Ryan Donato.
10:04 of 3rd period - Shot Misses the Net.
10:06 of 3rd period - Snap shot by Tyler Bertuzzi.
10:06 of 3rd period - Shot Blocked by Zachary Werenski.
10:08 of 3rd period - Snap shot by Tyler Bertuzzi.
10:08 of 3rd period - Stopped by Filip Gustavsson with a rebound.
10:10 of 3rd period - Wrist shot by Tyler Bertuzzi.
10:10 of 3rd period - Shot Misses the Net.
10:12 of 3rd period - Slapshot by Radko Gudas.
10:12 of 3rd period - Shot Blocked by Eeli Tolvanen.
10:14 of 3rd period - Slapshot by Johnathan Kovacevic.
10:14 of 3rd period - Deflect By Tyler Bertuzzi.
10:14 of 3rd period - Shot Misses the Net.
10:14 of 3rd period - Puck is out of play.
10:15 of 3rd period - Charlie Coyle wins face-off versus Matthew Beniers in Chicago Black Hawks zone.
10:30 of 3rd period - Snap shot by Matthew Beniers.
10:30 of 3rd period - Stopped by Elvis Merzlikins with a rebound.
10:46 of 3rd period - Kiefer Sherwood is hit by Christopher Tanev.
11:22 of 3rd period - Zachary Werenski is hit by Jared Spurgeon and loses puck.
12:56 of 3rd period - Minor Penalty to Radko Gudas for Hooking.
12:57 of 3rd period - Barrett Hayton wins face-off versus Mason McTavish in Arizona Coyotes zone.
12:58 of 3rd period - Snap shot by Zachary Werenski.
12:58 of 3rd period - Shot Misses the Net.
13:16 of 3rd period - Morgan Frost is hit by Brayden McNabb and loses puck.
14:00 of 3rd period - Slapshot by Trevor Zegras.
14:00 of 3rd period - Goal by Trevor Zegras - Arizona Coyotes : 1 - Chicago Black Hawks : 4.
14:01 of 3rd period - Charlie Coyle wins face-off versus Leo Carlsson in neutral zone.
14:09 of 3rd period - Minor Penalty to Leo Carlsson for Goalie Interference.
14:10 of 3rd period - Oliver Bjorkstrand wins face-off versus Mason McTavish in Chicago Black Hawks zone.
16:09 of 3rd period - Penalty to Leo Carlsson is over, Leo Carlsson is back on ice.
16:16 of 3rd period - Wrist shot by Ondrej Palat.
16:16 of 3rd period - Stopped by Filip Gustavsson without a rebound.
16:17 of 3rd period - Morgan Frost wins face-off versus Erik Haula in Chicago Black Hawks zone.
16:26 of 3rd period - Snap shot by Brock McGinn.
16:26 of 3rd period - Shot Misses the Net.
17:02 of 3rd period - Wrist shot by Lucas Raymond.
17:02 of 3rd period - Stopped by Elvis Merzlikins without a rebound.
17:03 of 3rd period - Barrett Hayton wins face-off versus Aliaksei Protas in Arizona Coyotes zone.
17:10 of 3rd period - Snap shot by Lucas Raymond.
17:10 of 3rd period - Deflect By Jared Spurgeon.
17:10 of 3rd period - Stopped by Elvis Merzlikins with a rebound.
17:12 of 3rd period - Slapshot by Zachary Werenski.
17:12 of 3rd period - Stopped by Elvis Merzlikins with a rebound.
17:14 of 3rd period - Slapshot by Justin Faulk.
17:14 of 3rd period - Shot Blocked by Aliaksei Protas.
17:34 of 3rd period - Backhand shot by Charlie Coyle.
17:34 of 3rd period - Goal by Charlie Coyle - Arizona Coyotes : 2 - Chicago Black Hawks : 4.
17:35 of 3rd period - Mason McTavish wins face-off versus Matthew Beniers in neutral zone.
18:00 of 3rd period - Brett Howden is hit by Johnathan Kovacevic and loses puck.
18:05 of 3rd period - Wrist shot by Tyler Seguin.
18:05 of 3rd period - Stopped by Filip Gustavsson with a rebound.
18:07 of 3rd period - Slapshot by Brayden McNabb.
18:07 of 3rd period - Shot Blocked by Justin Faulk.
18:09 of 3rd period - Backhand shot by Jared Spurgeon.
18:09 of 3rd period - Stopped by Filip Gustavsson without a rebound.
18:10 of 3rd period - Charlie Coyle wins face-off versus Matthew Beniers in Chicago Black Hawks zone.
18:15 of 3rd period - Slapshot by Ryan Donato.
18:15 of 3rd period - Shot Misses the Net.
18:35 of 3rd period - Snap shot by Ross Colton.
18:35 of 3rd period - Stopped by Filip Gustavsson with a rebound.
18:37 of 3rd period - Slapshot by Brayden McNabb.
18:37 of 3rd period - Shot Misses the Net.
18:39 of 3rd period - Wrist shot by Kiefer Sherwood.
18:39 of 3rd period - Goal by Kiefer Sherwood - Arizona Coyotes : 3 - Chicago Black Hawks : 4.
18:40 of 3rd period - Matthew Beniers wins face-off versus Mason McTavish in neutral zone.
18:43 of 3rd period - Snap shot by Zachary Werenski.
18:43 of 3rd period - Stopped by Elvis Merzlikins with a rebound.
19:07 of 3rd period - Ryan Donato is hit by Zachary Werenski and loses puck.
19:24 of 3rd period - Slapshot by Leo Carlsson.
19:24 of 3rd period - Stopped by Elvis Merzlikins with a rebound.
19:26 of 3rd period - Slapshot by Zachary Werenski.
19:26 of 3rd period - Shot Blocked by Radko Gudas.
19:28 of 3rd period - Slapshot by Oliver Bjorkstrand.
19:28 of 3rd period - Shot Blocked by Ryan Donato.
19:40 of 3rd period - Wrist shot by Leo Carlsson.
19:40 of 3rd period - Stopped by Elvis Merzlikins without a rebound.
19:41 of 3rd period - Rod Brind'Amour call a timeout for Arizona Coyotes.
19:41 of 3rd period - Charlie Coyle wins face-off versus Leo Carlsson in Arizona Coyotes zone.
19:41 of 3rd period - Charlie Coyle is hit by Justin Faulk.
Goals for this period are 3 for Arizona Coyotes vs 2 for Chicago Black Hawks.
Shots for this period are 11 for Arizona Coyotes vs 11 for Chicago Black Hawks.
Back to the Top